 Dungeon Crawl Stone Soup version 0.17-a0-26-g7f25774 (webtiles) character file.

66 catbreads the Insei (level 3, -2/24 HPs)
             Began as an Imp Monk on May 11, 2015.
             Killed by divine providence
             ... invoked by an orc priest
              (9 damage)
             ... on level 3 of the Dungeon.
             The game lasted 00:03:58 (1711 turns).

catbreads the Insei (Imp Monk)                      Turns: 1711, Time: 00:03:58

Health: -2/24      AC:  3    Str: 10    XL:     3   Next: 96%
Magic:  0/3        EV: 21    Int:  9    God:
Gold:   138        SH:  0    Dex: 19    Spells: 0 memorised, 2 levels left

rFire  . . .     SeeInvis .       - Unarmed
rCold  . . .     Clarity  .     a - +0 robe
rNeg   + + +     SustAb   .     (shield restricted)
rPois  ∞         Gourm    .     (helmet restricted)
rElec  .         Spirit   +     e - +0 cloak
rCorr  .         Warding  .     (gloves unavailable)
rMut   .         Rnd*Tele +     (boots unavailable)
MR     .....                    m - amulet of guardian spirit
Stlth  ++........               (no ring)
                                (no ring)

@: not resistant to hostile enchantments, unstealthy
A: unfitting armour, blink 2, negative energy resistance 3, regeneration 1,
screaming 3, teleportitis 2, torment resistance
a: Blink


You were on level 3 of the Dungeon.
You were near starving.

You visited 1 branch of the dungeon, and saw 3 of its levels.

You collected 138 gold pieces.

Inventory:

Armour
 a - a +0 robe (worn)
 e - a +0 cloak (worn)
Jewellery
 m - an amulet of guardian spirit (around neck)
Scrolls
 c - 3 scrolls of remove curse {unknown}
 j - 2 scrolls of teleportation {unknown}
 k - a scroll of noise {unknown}
 l - a scroll of random uselessness {unknown}
 n - a scroll of identify
 p - a scroll of immolation {unknown}
Potions
 d - a potion of heal wounds {unknown}
 f - a potion of flight
 h - a potion of curing
 i - a potion of might
Comestibles
 b - a bread ration
 g - a meat ration
 o - a fruit


   Skills:
 + Level 3.9 Fighting
 * Level 4.9 Dodging
 - Level 2.1 Stealth
 * Level 5.0 Unarmed Combat


You had 2 spell levels left.
You didn't know any spells.

Dungeon Overview and Level Annotations

Branches:
Dungeon (3/15)

Altars:
Trog


Innate Abilities, Weirdness & Mutations

You are immune to poison.
You are tiny and cannot use many weapons and most armour.
You are good at translocating small distances at will.
You are immune to negative energy.
Your natural rate of healing is unusually fast.
You frequently scream uncontrollably at your foes.
Space sometimes distorts in your vicinity.
You are immune to unholy pain and torment.


Message History

You hit the orc.
The orc is severely wounded.
The orc priest calls upon Beogh to heal the orc.
The orc's wounds heal themselves!
You punch the orc!
You kill the orc!
You closely miss the orc priest. The orc priest completely misses you.
You hit the orc priest.
The orc priest is moderately wounded.
The orc priest mumbles some strange prayers to Beogh against you.
Something smites you!
Ouch! That really hurt!
* * * LOW HITPOINT WARNING * * *
You are too injured to fight recklessly!
You are too injured to fight recklessly!
You closely miss the orc priest.
The orc priest is moderately wounded.
The orc priest mumbles some strange prayers to Beogh against you.
Something smites you!
You die...

. #.......# .#
#...>...# ..#
#.......# ..
#.......# ####.#
#### #.).....#
...... ..#
#.......# ####.#
#.# ##.#.####
##.## #o#.#
##...###@#.#
##.....##(# # #
#.......#(#.#
#.###...........#
#.............###
######.....####
##...## #####


You could see an orc priest.

Vanquished Creatures
  2 adders
  A worm (D:2)
  A giant gecko (D:1)
  5 orcs (D:3)
  2 giant cockroaches (D:2)
  4 goblins
  8 hobgoblins
  4 bats (D:1)
  A giant newt (D:2)
  5 kobolds
  2 rats (D:2)
35 creatures vanquished.

Notes
Turn   | Place    | Note
--------------------------------------------------------------
     0 | D:1      | catbreads, the Imp Monk, began the quest for the Orb.
     0 | D:1      | Reached XP level 1. HP: 14/14 MP: 1/1
   152 | D:1      | Reached XP level 2. HP: 13/20 MP: 2/2
   697 | D:2      | Reached XP level 3. HP: 24/24 MP: 3/3
  1389 | D:2      | Found a bloodstained altar of Trog.
  1675 | D:3      | Reached skill level 5 in Unarmed Combat
  1711 | D:3      | Killed from afar by an orc priest

Action                   || total
-------------------------++-------
Melee: Unarmed           ||   143
  Use: Scroll            ||     4
 Stab: Sleeping          ||     1
  Eat: Chunk             ||     1
